 Dungeon Crawl Stone Soup version 0.31-a0-496-g6f97920a28 (webtiles) character file.

Game seed: 4947614399732356353

323 randomguy2701 the Grave Robber (level 6, -1/32 HPs)
             Began as a Deep Elf Necromancer on Aug 9, 2023.
             Slain by a phantom (5 damage)
             ... on level 4 of the Dungeon.
             The game lasted 00:06:46 (3831 turns).

randomguy2701 the Grave Robber (DENe)               Turns: 3831, Time: 00:06:47

Health: -1/32      AC:  2    Str:  5    XL:     6   Next: 23%
Magic:  11/17      EV: 12    Int: 22    God:
Gold:   260        SH:  0    Dex: 15    Spells: 16/18 levels left

rFire   + . .        g - staff of fire
rCold   . . .        (no shield)
rNeg    . . .        (no body armour)
rPois   .            n - +2 hat
rElec   .            (no cloak)
rCorr   .            (no gloves)
SInv    .            (no boots)
Will    .....        (no amulet)
Stlth   ++           (no ring)
HPRegen 0.25/turn    (no ring)
MPRegen 0.15/turn

%: no passive effects
@: no status effects
A: no striking features
a: no special abilities


You were on level 4 of the Dungeon.
You visited 1 branch of the dungeon, and saw 4 of its levels.
You also visited: Sewer.

You collected 260 gold pieces.

Inventory:

Armour
 a - a +0 robe
 n - a +2 hat (worn)
 o - the +0 scale mail "Corogg Aclell" {rF+ Slay+3}
   (You found it on level 3 of the Dungeon)

   Slay:      It affects your accuracy & damage with ranged weapons and melee
   (+3).
   rF:        It protects you from fire.
 p - a +0 leather armour
Magical Staves
 g - a staff of fire (weapon)
Scrolls
 c - a scroll of immolation {unknown}
 d - a scroll of vulnerability {unknown}
 e - 2 scrolls of noise {unknown}
 j - a scroll of blinking {unknown}
 l - a scroll of teleportation {unknown}
 m - a scroll of summoning {unknown}
 q - a scroll of fear {unknown}
 r - a scroll of enchant weapon {unknown}
 s - a scroll of fog {unknown}
 t - a scroll of identify {unknown}
Potions
 b - 2 potions of magic
 f - 7 potions of enlightenment
 h - a potion of curing {unknown}
 i - a potion of lignification {unknown}
 k - a potion of heal wounds {unknown}


   Skills:
 + Level 0.1 Fighting
 + Level 2.6 Dodging
 + Level 2.7 Stealth
 + Level 6.5 Spellcasting
 + Level 7.0 Necromancy


You had 16 spell levels left.
You knew the following spells:

 Your Spells              Type           Power      Damage    Failure   Level
a - Necrotise             Necr           100%       1d9       1%          1
b - Magic Dart            Conj           28%        1d4       9%          1

Your spell library contained the following spells:

 Spells                   Type           Power      Damage    Failure   Level
 Vampiric Draining        Necr           38%        2d8       1%          3
 Animate Dead             Necr           38%        N/A       4%          4
 Call Imp                 Summ           14%        N/A       13%         2
 Agony                    Necr           38%        N/A       13%         5
 Mephitic Cloud           Conj/Pois/Air  7%         N/A       26%         3


Dungeon Overview and Level Annotations

Branches:
Dungeon (4/15)              Sewer (visited)
 Temple: D:4-7

Altars:

Shops:
D:1 =   D:4 *


Message History

Confirm with . or Enter, or press ? or * to list all spells.
Aiming: Magic Dart (safe; 14% risk of failure)
Press: ? - help, Shift-Dir - straight line, f/p - phantom
Aim: a phantom (moderately damaged, 100% to hit)
The magic dart hits the phantom.
The phantom is moderately damaged.
The phantom hits you.
The phantom blinks!
You blink.
You closely miss the phantom.
The phantom is moderately damaged.
The phantom closely misses you.
You hit the phantom.
The phantom is moderately damaged.
The phantom closely misses you. The phantom hits you.
The phantom blinks!
You blink.
You barely miss the phantom.
The phantom is moderately damaged.
The phantom hits you.
* * * LOW HITPOINT WARNING * * *
The phantom blinks!
You blink.
You hit the phantom but do no damage.
The phantom is moderately damaged.
The phantom hits you.
* * * LOW HITPOINT WARNING * * *
The phantom blinks!
You blink.
Found 8 gold pieces.
The phantom hits you.
* * * LOW HITPOINT WARNING * * *
You start removing your armour.
You continue taking off your +0 leather armour.
The phantom hits you.
* * * LOW HITPOINT WARNING * * *
You continue taking off your +0 leather armour.
The phantom closely misses you.
You continue taking off your +0 leather armour.
The phantom hits you.
* * * LOW HITPOINT WARNING * * *
You continue taking off your +0 leather armour.
The phantom completely misses you.
You finish taking off your +0 leather armour.
The phantom hits you.
You die...

#.######..###.# #.#
#.............# #.#
############### #.# #.#
#######.## #........#
#.#####..##
######.##...[..######
##..?@W.........§.....
..$....##.##......######
# ####.#.##.##.#...## #.
###.#..#§.......#
#..#.........#.§...#
#....#######.#.##.##
#.#~~~~~#...##+##
##.#~~.~~'.###...##
#....#~~~~~#.##.....##


You could see a phantom.

Vanquished Creatures
  An orc wizard (D:3)
  3 gnolls (D:2)
  4 river rats (Sewer)
  14 adders
  3 worms
  2 dart slugs (D:4)
  7 orcs (D:3)
  11 ball pythons
  An endoplasm (D:1)
  4 giant cockroaches
  5 goblins
  3 hobgoblins
  3 jackals (D:3)
  3 kobolds
  A quokka (Sewer)
  8 bats
  6 frilled lizards
  4 rats
83 creatures vanquished.

Vanquished Creatures (collateral kills)
  A river rat (Sewer)
  A giant cockroach (D:4)
  2 jackals (Sewer)
  A ball python (D:3)
5 creatures vanquished.

Grand Total: 88 creatures vanquished

Notes
Turn   | Place    | Note
-------+----------+-------------------------------------------
     0 | D:1      | randomguy2701 the Deep Elf Necromancer began the quest for
                  | the Orb.
     0 | D:1      | Reached XP level 1. HP: 10/10 MP: 6/6
    26 | D:1      | Reached skill level 5 in Necromancy
   403 | D:1      | Reached XP level 2. HP: 15/15 MP: 5/8
   494 | D:1      | Found a faded altar of an unknown god.
   592 | D:1      | Found Yqiuh's Jewellery Shop.
   803 | D:2      | Reached XP level 3. HP: 19/19 MP: 3/10
  1190 | D:2      | Reached skill level 6 in Necromancy
  1190 | D:2      | Reached XP level 4. HP: 5/24 MP: 0/12
  1535 | D:2      | Learned a level 1 spell: Magic Dart
  1769 | D:3      | Reached skill level 5 in Spellcasting
  1834 | D:3      | Identified the +0 scale mail "Corogg Aclell" {rF+ Slay+3}
  2068 | D:3      | Reached XP level 5. HP: 28/28 MP: 10/14
  2568 | D:4      | Found Hecid's Assorted Antiques.
  2788 | D:4      | Identified the +0 ring mail of Higuj {rElec rCorr}
  2798 | D:4      | Found a glowing drain.
  2877 | D:4      | Noticed a phantom
  2882 | Sewer    | Entered a sewer
  3192 | Sewer    | Reached XP level 6. HP: 27/32 MP: 12/17
  3394 | Sewer    | Reached skill level 7 in Necromancy
  3831 | D:4      | Slain by a phantom

Illustrated notes

Levels and vault maps discovered:
D:1:      roderic_octagonal_star, layout_loops_ring,
          chequers_ecumenical_altar_simple, serial_shops, shop,
          amcnicky_mini_corridor_feature
D:2:      layout_loops_ring
D:3:      layout_basic
D:4:      layout_loops_corners, gup_sewer_entry_glass, serial_shops, shop,
          minmay_checkerbox, uniq_edmund

Skill      XL: |  1  2  3  4  5  6 |
---------------+-------------------+-----
Necromancy     | 5 6 7 |  7.0
Spellcasting   | 4 5 6 |  6.5
Fighting       | |  0.1
Dodging        | |  2.6
Stealth        | |  2.7

Action                     |  1- 3 |  4- 6 || total
---------------------------+-------+-------++-------
  Melee: Unarmed           |     1 |       ||     1
         Staff             |    14 |    24 ||    38
   Cast: Necrotise         |    40 |   117 ||   157
         Magic Dart        |       |    12 ||    12
 Armour: Robe              |     5 |     1 ||     6
         Leather armour    |       |    18 ||    18
  Dodge: Dodged            |    21 |    30 ||    51

Table legend: (Time is in decaauts)
 A = Elapsed time spent in this place.
 B = Non-inter-level travel time spent in this place.
 C = Inter-level travel time spent in this place.
 D = Time resting spent in this place.
 E = Time spent auto-exploring this place.
 F = Levels seen in this place.
 G = Mean time per level.
                   A        B        C        D        E       F      G
               +--------+--------+--------+--------+--------+-----+--------+
         Total |   4046 |   3873 |    173 |      0 |   3160 |   5 |  809.2 |
       Dungeon |   2928 |   2755 |    173 |      0 |   2359 |   4 |  732.0 |
         Sewer |   1118 |   1118 |      0 |      0 |    801 |   1 | 1118.0 |
               +--------+--------+--------+--------+--------+-----+--------+

Top non-repeatable levels by time:
   Sewer: 1118 daAuts
     D:3: 987 daAuts
     D:2: 828 daAuts
     D:1: 738 daAuts
     D:4: 374 daAuts
